 Dungeon Crawl Stone Soup version 0.18-a0-1027-g814d7dd (webtiles) character file.

123 JokEr the Skirmisher (level 5, -5/34 HPs)
             Began as a Gargoyle Fighter on Jan 8, 2016.
             Killed by divine providence
             ... invoked by an orc priest
              (13 damage)
             ... on level 3 of the Dungeon.
             The game lasted 00:04:54 (1576 turns).

JokEr the Skirmisher (Gargoyle Fighter)             Turns: 1576, Time: 00:04:55

Health: -5/34      AC: 14    Str: 21    XL:     5   Next: 7%
Magic:  5/5        EV:  5    Int:  8    God:
Gold:   69         SH: 11    Dex:  9    Spells: 0 memorised, 4 levels left

rFire  . . .     SeeInvis .     a - +0 flail
rCold  . . .     Gourm    .     o - +0 chain mail
rNeg   + . .     Faith    .     p - +2 shield
rPois  ∞         Spirit   .     (no helmet)
rElec  +         Dismiss  .     (no cloak)
rCorr  .         Reflect  .     (no gloves)
SustAt .         Harm     .     b - +0 pair of boots
MR     .....                    (no amulet)
Stlth  ..........               (no ring)
                                (no ring)

@: not resistant to hostile enchantments, extremely unstealthy
A: negative energy resistance 1, electricity resistance, unbreathing,
petrification resistance, rot immunity, AC +4
a: no special abilities


You were on level 3 of the Dungeon.
You were hungry.

You visited 1 branch of the dungeon, and saw 3 of its levels.

You collected 69 gold pieces.

Inventory:

Hand Weapons
 a - a +0 flail (weapon)
Armour
 b - a +0 pair of boots (worn)
 o - a +0 chain mail (worn)
 p - a +2 shield (worn)
Scrolls
 h - 5 scrolls of identify {unknown}
 j - 3 scrolls of remove curse {unknown}
 k - a scroll of fog {unknown}
 m - a scroll of enchant weapon {unknown}
 q - a scroll of teleportation {unknown}
Potions
 d - a potion of might
 e - a potion of magic {unknown}
 g - a potion of degeneration {unknown}
 i - a potion of curing {unknown}
 l - a potion of mutation {unknown}
 n - a potion of poison {unknown}
Comestibles
 c - a meat ration
 f - a bread ration
 r - a slice of pizza


   Skills:
 + Level 4.7 Fighting
 + Level 4.0 Maces & Flails
 - Level 3.2 Armour
 - Level 3.2 Shields


You had 4 spell levels left.
You didn't know any spells.

Dungeon Overview and Level Annotations

Branches:
Dungeon (3/15)

Altars:
Kikubaaqudgha
Makhleb


Innate Abilities, Weirdness & Mutations

You are resistant to torment.
Your stone body is resilient (AC +4).
You are immune to poison.
You resist negative energy.
You are resistant to electric shocks.
You can survive without breathing.
You are immune to petrification.
You are immune to rotting.


Message History

The orc is severely wounded.
The orc priest calls upon Beogh to heal the orc.
The orc's wounds heal themselves!
The orc hits you with a war axe. The orc hits you but does no damage.
You barely miss the orc priest. You block the orc priest's attack.
The orc hits you but does no damage. x2
The orc priest hits you but does no damage.
You closely miss the orc priest. You block the orc's attack.
The orc hits you but does no damage.
The orc priest mumbles some strange prayers to Beogh against you.
Something smites you!
* * * LOW HITPOINT WARNING * * *
An orc comes into view. It is wielding a dagger.
You are too injured to fight recklessly!
You are too injured to fight recklessly!
You are too injured to fight recklessly!
The orc hits you but does no damage. You block the orc's attack.
The orc priest mumbles some strange prayers to Beogh against you.
Something smites you!
You die...

########## #........#
#### #.######.# ....
####.#### #..###
#......(# #..#.##
#.##.##.#
##.....###.##.##@###.#
...........##..o.o...#
##.....#########o#####
#..#.## #o# ... #.#
... # #.# #.# ##'##
#.[ ##...## #..
##.....## #.#


You could see an orc priest and 3 orcs.

Vanquished Creatures
  A vampire bat (D:3)
  3 adders (D:2)
  An ooze (D:1)
  An orc (D:3)
  A ball python (D:2)
  5 bat zombies (D:3)
  A giant cockroach (D:2)
  6 goblins
  4 hobgoblins (D:1)
  6 jackals
  6 bats
  A giant newt (D:2)
  6 kobolds
  9 rats
51 creatures vanquished.

Notes
Turn   | Place    | Note
--------------------------------------------------------------
     0 | D:1      | JokEr the Gargoyle Fighter began the quest for the Orb.
     0 | D:1      | Reached XP level 1. HP: 14/14 MP: 1/1
   105 | D:1      | Reached XP level 2. HP: 16/19 MP: 2/2
   286 | D:1      | Reached XP level 3. HP: 24/24 MP: 3/3
   571 | D:2      | Reached skill level 4 in Fighting
   693 | D:2      | Noticed a centaur
   819 | D:2      | Reached XP level 4. HP: 29/29 MP: 4/4
  1403 | D:3      | Found a burning altar of Makhleb.
  1403 | D:3      | Noticed a cacodemon
  1463 | D:3      | Found an ancient bone altar of Kikubaaqudgha.
  1479 | D:3      | Reached XP level 5. HP: 29/34 MP: 5/5
  1576 | D:3      | Killed from afar by an orc priest

Vault maps used:
D:1:      wheals_arrival_shading
D:2:      nrook_uturn, lightli_corner_chamber
D:3:      makhleb_altar_promises_db, kennysheep_vampire_church,
          gammafunk_temple_overflow_statue, uniq_grinder

Action                   |  1- 3 |  4- 6 || total
-------------------------+-------+-------++-------
Melee: Flail             |   118 |    89 ||   207
  Eat: Chunk             |       |     2 ||     2
